cohdb
Replays
Latest Replays
All Replays
Popular Replays
Top Player Replays
Match Explorer
How It Works
Community
CoH3 Stats
Reddit
Sign in to upload your games and track your stats! →
Sign in with Steam
Match 25581762
Unlisted
Match 25581762
Overview
Messages
Build Orders
End
Construct Barracks
Selects Advanced Infantry Battlegroup
Riflemen Squad
Riflemen Squad
Riflemen Squad
Selects Convert to Ranger Squad
Convert to Ranger Squad
Infantry Support Center
Engineer Squad
Scout Squad
Selects Frontline Medical Station
Frontline Medical Station
M1918 Browning Automatic Rifles
Selects Artillery Observers
Advanced Logistics
Construct Weapon Support Center
Improved M9 Bazooka Rockets
Grenade Package
Survival Training
Engineer Squad
Selects M2A1 105mm Howitzer Emplacement
Convert to Ranger Squad
Frontline Medical Station
Selects Free Fire Drills
Selects Infantry Assault
Convert to Ranger Squad
DonaldD.
Anno3001
302892322
Sir Ringe
UH|BluEskY
UH|dun! ツ
0
0
Comments
sign in to comment!
No comments posted yet!